AoeStats
← DonTune

Pilgrims

510163874Analyzed
2v2 RM · 4d ago on Sep 29, 2026· 148m 24s· 4 players
Game mode
Random Map
Map size
Medium (4 player)
Population
200
Speed
Normal
Resources
Standard
Victory
Conquest
Starting age
Dark Age
Ending age
Imperial Age
RankedLock teamsTeams togetherTeam positionsShared explorationLock speedFull tech treeHidden civsTurbo modeCheats
Victory
Defeat
🇨🇭 Saxons · Switzerland
1233
+20
🇨🇭 Danes · Switzerland
1229
+20
🇱🇮 Turks · Liechtenstein
1338
-21
🇭🇰 Spanish · Hong Kong SAR China
1306
-19
cutiewing
4:36 Loom
13:22 Feudal Age
17:01 Castle Age
14:49 Town Watch
14:58 Stone Mining
15:11 Fletching
16:10 Gold Mining
owelt
4:50 Loom
13:00 Feudal Age
17:28 Fishing Lines
17:38 Double-Bit Axe
19:54 Fletching
22:33 Padded Archer Armor
26:00 Castle Age
24:18 Bloodlines
24:17 Scale Mail Armor
24:27 Forging
24:23 Scale Barding Armor
25:43 Stone Mining
25:44 Gold Mining
27:36 Medium Warships
27:24 Gillnets
29:01 Wheelbarrow
29:57 Murder Holes
30:12 Masonry
31:09 Clinker Construction
31:15 Careening
32:13 Leather Archer Armor
38:50 Caravan
41:32 Imperial Age
40:22 Gold Shaft Mining
42:30 Bodkin Arrow
45:55 Husbandry
45:16 Cavalier
47:59 Bow Saw
48:16 Bombard Tower
48:14 Artillery
49:44 Horse Collar
50:54 Cavalier
53:05 Hoardings
52:51 Conscription
54:10 Devotion
58:32 Heavy Camel Rider
62:00 Heavy Warships
61:58 Hand Cart
68:00 Architecture
67:55 Carvel Hull
68:02 Guilds
68:11 Fortified Wall
82:22 Elite Cannon Galleon
86:20 Heavy Cavalry Archer
89:04 Faith
94:19 Parthian Tactics
93:59 Thumb Ring
94:23 Parthian Tactics
94:03 Thumb Ring
96:05 Chain Barding Armor
96:16 Ring Archer Armor
96:21 Iron Casting
95:47 Bracer
102:21 Dry Dock
102:21 Carvel Hull
102:41 Plate Barding Armor
102:08 Scale Mail Armor
107:31 Elite Janissary
129:45 Blast Furnace
129:35 Ballistics
130:00 Parthian Tactics
129:41 Thumb Ring
El Tucan de muerte
7:03 Loom
10:42 Feudal Age
14:24 Castle Age
12:19 Double-Bit Axe
13:31 Town Watch
16:26 Fletching
24:11 Scale Mail Armor
28:37 Chain Mail Armor
30:10 Forging
30:34 Arson
31:20 Bow Saw
31:16 Gold Mining
31:32 Squires
33:03 Iron Casting
35:32 Wheelbarrow
35:37 Bodkin Arrow
35:44 Horse Collar
40:50 Imperial Age
39:27 Medium Warships
40:44 Heavy Plow
42:38 Plate Mail Armor
42:43 Conscription
43:00 Hoardings
44:40 Bracer
47:57 Fortified Wall
48:53 Chemistry
48:39 Elite Hearth Troop
50:36 Hand Cart
63:21 Shield Wall
66:48 Crop Rotation
67:21 Two-Man Saw
66:44 Ballistics
69:53 Masonry
69:50 Siege Engineers
70:26 Gold Mining
70:28 Stone Mining
71:10 Architecture
70:52 Fortified Wall
70:23 Treadmill Crane
71:53 Sanctity
71:56 Redemption
72:03 Block Printing
73:19 Clerical Recruitment
75:08 Illumination
80:42 Capped Ram
82:55 Town Patrol
83:36 Siege Ram
86:11 Heated Shot
92:06 Caravan
98:44 Guard Tower
98:39 Arrowslits
99:14 Murder Holes
105:48 Keep
105:20 Siphons
105:40 Shipwright
105:32 Careening
106:03 Keep
107:01 Padded Archer Armor
107:06 Scale Barding Armor
107:11 Sappers
129:49 Chain Barding Armor
129:46 Leather Archer Armor
132:04 Ring Archer Armor
139:01 Elite Longship
140:13 Heavy Warships
DonTune
5:11 Loom
8:54 Loom
10:43 Feudal Age
9:53 Loom
13:12 Fishing Lines
15:24 Wheelbarrow
14:35 Town Watch
22:56 Castle Age
22:57 Forging
22:37 Fletching
24:06 Hand Cart
27:05 Scale Mail Armor
28:33 Gillnets
29:02 Double-Bit Axe
30:59 Chain Mail Armor
31:20 Iron Casting
31:45 Bodkin Arrow
37:59 Bow Saw
40:05 Ballistics
40:27 Clinker Construction
40:28 Careening
44:31 Masonry
44:17 Murder Holes
46:41 Gold Mining
46:42 Stone Mining
50:09 Imperial Age
48:02 Hamask
50:29 Gold Shaft Mining
50:13 Padded Archer Armor
50:23 Thumb Ring
51:36 Cranequins
52:21 Bracer
53:01 Squires
54:45 Horse Collar
56:25 Plate Mail Armor
56:16 Siege Engineers
57:36 Leather Archer Armor
59:44 Hoardings
61:37 Conscription
62:07 Northmen's Fury
66:12 Blast Furnace
68:27 Elite Jomsviking
71:16 Stone Shaft Mining
71:37 Heavy Plow
72:52 Dry Dock
72:52 Carvel Hull
73:34 Chemistry
80:07 Blast Furnace
79:15 Arson
78:53 Elite Varangian Guard
81:32 Ring Archer Armor
88:28 Heavy Mounted Crossbowman
104:37 Caravan
106:41 Block Printing
106:37 Redemption
106:48 Sanctity
107:04 Theocracy
106:31 Devotion
106:57 Illumination
114:40 Elite Longship
134:05 Elite Skirmisher
135:45 Coinage
136:56 Elite Longship
138:58 Banking
Connection lost

Rejoining the realm…

Still unreachable

The connection could not be restored.

Session expired

The server has moved on; the page needs a fresh start.